TOP OF THE 1ST |
Manhatten Meatheads batting - Pitching for Grim Reapers : RHP Harvey Taylor
|
Pitching: RHP Harvey Taylor
|
|
Batting: LHB Wayne Rogers
|
0-0: Ball 1-0: Ball 2-0: Called Strike 2-1: Ground out 3-1 (Groundball, 34S)
|
Batting: RHB Ronald Cleveland
|
0-0: Ball 1-0: Called Strike 1-1: Swinging Strike 1-2: Ball 2-2: Foul Ball, location: 2F 2-2: Foul Ball, location: 2F 2-2: Foul Ball, location: 2F 2-2: Ball 3-2: Strikes out swinging
|
Batting: RHB César Castillo
|
0-0: Reached on error, E3 (Popup, 3)
|
Batting: RHB George Green
|
0-0: Ball 1-0: Ball 2-0: Called Strike 2-1: Foul Ball, location: 2F 2-2: Strikes out swinging
|
Top of the 1st over - 0 runs, 0 hits, 1 error, 1 left on base; Manhatten 0 - Grim 0 |
BOTTOM OF THE 1ST |
Grim Reapers batting - Pitching for Manhatten Meatheads : RHP Diego Martínez
|
Pitching: RHP Diego Martínez
|
|
Batting: RHB Arturo Franco
|
0-0: Ball 1-0: Swinging Strike 1-1: Swinging Strike 1-2: Ball 2-2: Ball 3-2: Foul Ball, location: 2F 3-2: Strikes out swinging
|
Batting: RHB Pedro López
|
0-0: Called Strike 0-1: Ball 1-1: SINGLE (Groundball, 34D)
|
Batting: RHB Phil Martin
|
0-0: Ball Pedro López steals 2nd base 1-0: Called Strike 1-1: Swinging Strike 1-2: Strikes out looking
|
Batting: RHB Ramón Sánchez
|
0-0: Ball 1-0: Foul Ball, location: 2F 1-1: Foul Ball, location: 2F 1-2: Ball 2-2: Strikes out looking
|
Bottom of the 1st over - 0 runs, 1 hit, 0 errors, 1 left on base; Manhatten 0 - Grim 0 |
TOP OF THE 2ND |
Manhatten Meatheads batting - Pitching for Grim Reapers : RHP Harvey Taylor
|
Batting: LHB Miguel Pérez
|
0-0: Ball 1-0: Called Strike 1-1: Ball 2-1: Ball 3-1: Foul Ball, location: 2F 3-2: Strikes out looking
|
Batting: SHB Manuel Díaz
|
0-0: Ball 1-0: Called Strike 1-1: Hit by Pitch
|
Batting: RHB Vicente Guerra
|
0-0: Foul Ball, location: 2F 0-1: Called Strike 0-2: Ball 1-2: Ball 2-2: Foul Ball, location: 2F 2-2: Fly out, F8 (Flyball, 8RD)
|
Batting: RHB Ricardo Medina
|
0-0: Ball 1-0: Fly out, F9 (Flyball, 9)
|
Top of the 2nd over - 0 runs, 0 hits, 0 errors, 1 left on base; Manhatten 0 - Grim 0 |
BOTTOM OF THE 2ND |
Grim Reapers batting - Pitching for Manhatten Meatheads : RHP Diego Martínez
|
Batting: RHB Joel Hebert
|
0-0: Called Strike 0-1: Ground out 5-3 (Groundball, 56)
|
Batting: SHB Luis Sotelo
|
0-0: Called Strike 0-1: Swinging Strike 0-2: Fly out, F4 (Popup, 4D)
|
Batting: RHB Júlio Núñez
|
0-0: Called Strike 0-1: Fly out, F8 (Line Drive, 8LD)
|
Bottom of the 2nd over - 0 runs, 0 hits, 0 errors, 0 left on base; Manhatten 0 - Grim 0 |
TOP OF THE 3RD |
Manhatten Meatheads batting - Pitching for Grim Reapers : RHP Harvey Taylor
|
Batting: RHB Juan Blanco
|
0-0: Ball 1-0: Foul Ball, location: 2F 1-1: Swinging Strike 1-2: Ball 2-2: Ball 3-2: Strikes out swinging
|
Batting: LHB Wayne Rogers
|
0-0: Ball 1-0: Swinging Strike 1-1: Ball 2-1: Foul Ball, location: 2F 2-2: Foul Ball, location: 2F 2-2: Ball 3-2: Foul Ball, location: 2F 3-2: Ground out 6-3 (Groundball, 56)
|
Batting: RHB Ronald Cleveland
|
0-0: Fly out, F9 (Flyball, 9D)
|
Top of the 3rd over - 0 runs, 0 hits, 0 errors, 0 left on base; Manhatten 0 - Grim 0 |
BOTTOM OF THE 3RD |
Grim Reapers batting - Pitching for Manhatten Meatheads : RHP Diego Martínez
|
Batting: SHB Frank Grant
|
0-0: Swinging Strike 0-1: Foul Ball, location: 2F 0-2: Ground out 5-3 (Groundball, 5)
|
Batting: RHB Luis López
|
0-0: Ball 1-0: SINGLE (Groundball, 56S) (infield hit)
|
Batting: RHB Arturo Franco
|
Pickoff Throw to First - Out! 0-0: Called Strike 0-1: Ball 1-1: Bunt missed! 1-2: Fly out, F8 (Line Drive, 8RD)
|
Bottom of the 3rd over - 0 runs, 1 hit, 0 errors, 0 left on base; Manhatten 0 - Grim 0 |
TOP OF THE 4TH |
Manhatten Meatheads batting - Pitching for Grim Reapers : RHP Harvey Taylor
|
Batting: RHB César Castillo
|
0-0: Ball 1-0: Ground out 6-3 (Groundball, 6)
|
Batting: RHB George Green
|
0-0: Called Strike 0-1: Foul Ball, location: 2F 0-2: Strikes out swinging
|
Batting: LHB Miguel Pérez
|
0-0: Ball 1-0: Called Strike 1-1: Called Strike 1-2: Ball 2-2: Ball 3-2: Strikes out swinging
|
Top of the 4th over - 0 runs, 0 hits, 0 errors, 0 left on base; Manhatten 0 - Grim 0 |
BOTTOM OF THE 4TH |
Grim Reapers batting - Pitching for Manhatten Meatheads : RHP Diego Martínez
|
Batting: RHB Pedro López
|
0-0: Foul Ball, location: 2F 0-1: Ball 1-1: Foul Ball, location: 2F 1-2: Ball 2-2: Strikes out swinging
|
Batting: RHB Phil Martin
|
0-0: Ball 1-0: SOLO HOME RUN (Flyball, 9LD), Distance : 350 ft
|
Batting: RHB Ramón Sánchez
|
0-0: Ball 1-0: Called Strike 1-1: Ball 2-1: Ball 3-1: Fly out, F9 (Line Drive, 9D)
|
Batting: RHB Joel Hebert
|
0-0: Ball 1-0: Called Strike 1-1: Fly out, F4 (Flyball, 4MD)
|
Bottom of the 4th over - 1 run, 1 hit, 0 errors, 0 left on base; Manhatten 0 - Grim 1 |
TOP OF THE 5TH |
Manhatten Meatheads batting - Pitching for Grim Reapers : RHP Harvey Taylor
|
Batting: SHB Manuel Díaz
|
0-0: Ball 1-0: Called Strike 1-1: Ball 2-1: Ground out 6-3 (Groundball, 56D)
|
Batting: RHB Vicente Guerra
|
0-0: Ball 1-0: SINGLE (Groundball, 56D)
|
Batting: RHB Ricardo Medina
|
0-0: Grounds into double play, 5-4-3 (Groundball, 5)
|
Top of the 5th over - 0 runs, 1 hit, 0 errors, 0 left on base; Manhatten 0 - Grim 1 |
BOTTOM OF THE 5TH |
Grim Reapers batting - Pitching for Manhatten Meatheads : RHP Diego Martínez
|
Batting: SHB Luis Sotelo
|
0-0: Ball 1-0: Foul Ball, location: 2F 1-1: Foul Ball, location: 2F 1-2: SINGLE (Line Drive, 8LS)
|
Batting: RHB Júlio Núñez
|
0-0: Ball 1-0: Ball 2-0: Ball 3-0: Base on Balls Luis Sotelo to second
|
Batting: SHB Frank Grant
|
0-0: Ball 1-0: Swinging Strike 1-1: Foul Ball, location: 2F 1-2: Foul Ball, location: 2F 1-2: Ball 2-2: Strikes out swinging
|
Batting: RHB Luis López
|
0-0: Foul Ball, location: 2F 0-1: Swinging Strike 0-2: Strikes out swinging
|
Batting: RHB Arturo Franco
|
0-0: Called Strike 0-1: 3-RUN HOME RUN (Flyball, 9LD), Distance : 359 ft
|
Batting: RHB Pedro López
|
0-0: Called Strike 0-1: SINGLE (Groundball, 4MD)
|
Batting: RHB Phil Martin
|
0-0: Ball 1-0: Ball 2-0: Ball 3-0: Called Strike 3-1: Fielders Choice at 2nd, U4 (Groundball, 4M)
|
Bottom of the 5th over - 3 runs, 3 hits, 0 errors, 1 left on base; Manhatten 0 - Grim 4 |
TOP OF THE 6TH |
Manhatten Meatheads batting - Pitching for Grim Reapers : RHP Harvey Taylor
|
Batting: RHB Juan Blanco
|
0-0: Called Strike 0-1: Swinging Strike 0-2: Fly out, F8 (Flyball, 8RM)
|
Batting: LHB Wayne Rogers
|
0-0: Foul Ball, location: 2F 0-1: Foul Ball, location: 2F 0-2: Fly out, F9 (Flyball, 9LS)
|
Batting: RHB Ronald Cleveland
|
0-0: Called Strike 0-1: Ball 1-1: Ball 2-1: Called Strike 2-2: Strikes out swinging
|
Top of the 6th over - 0 runs, 0 hits, 0 errors, 0 left on base; Manhatten 0 - Grim 4 |
BOTTOM OF THE 6TH |
Grim Reapers batting - Pitching for Manhatten Meatheads : RHP Diego Martínez
|
Batting: RHB Ramón Sánchez
|
0-0: Fly out, F5 (Line Drive, 5)
|
Batting: RHB Joel Hebert
|
0-0: Fly out, F6 (Line Drive, 6)
|
Batting: SHB Luis Sotelo
|
0-0: Ball 1-0: Swinging Strike 1-1: Called Strike 1-2: Foul Ball, location: 2F 1-2: Strikes out swinging
|
Bottom of the 6th over - 0 runs, 0 hits, 0 errors, 0 left on base; Manhatten 0 - Grim 4 |
TOP OF THE 7TH |
Manhatten Meatheads batting - Pitching for Grim Reapers : RHP Harvey Taylor
|
Batting: RHB César Castillo
|
0-0: Called Strike 0-1: Fly out, F7 (Flyball, 7)
|
Batting: RHB George Green
|
0-0: Called Strike 0-1: Ball 1-1: DOUBLE (Flyball, 7D)
|
Batting: LHB Miguel Pérez
|
0-0: Called Strike 0-1: Ground out 6-3 (Groundball, 6)
|
Batting: SHB Manuel Díaz
|
0-0: Called Strike 0-1: Foul Ball, location: 2F 0-2: Ball 1-2: Strikes out swinging
|
Top of the 7th over - 0 runs, 1 hit, 0 errors, 1 left on base; Manhatten 0 - Grim 4 |
BOTTOM OF THE 7TH |
Grim Reapers batting - Pitching for Manhatten Meatheads : RHP Diego Martínez
|
Pitching: LHP Dave Moser
|
|
Batting: RHB Júlio Núñez
|
0-0: Swinging Strike 0-1: Ball 1-1: Ball 2-1: Ground out 6-3 (Groundball, 6)
|
Batting: SHB Frank Grant
|
0-0: Fly out, F8 (Flyball, 8RM)
|
Batting: RHB Luis López
|
0-0: Called Strike 0-1: Ball 1-1: DOUBLE (Flyball, 78D)
|
Batting: RHB Arturo Franco
|
0-0: Called Strike 0-1: Swinging Strike 0-2: Ball 1-2: Strikes out looking
|
Bottom of the 7th over - 0 runs, 1 hit, 0 errors, 1 left on base; Manhatten 0 - Grim 4 |
TOP OF THE 8TH |
Manhatten Meatheads batting - Pitching for Grim Reapers : RHP Harvey Taylor
|
Batting: RHB Vicente Guerra
|
0-0: Ball 1-0: Foul Ball, location: 2F 1-1: Ball 2-1: Ground out 6-3 (Groundball, 4MS)
|
Batting: RHB Ricardo Medina
|
0-0: Ball 1-0: Called Strike 1-1: Called Strike 1-2: Foul Ball, location: 2F 1-2: Ground out 4-3 (Groundball, 34D)
|
Batting: RHB Juan Blanco
|
0-0: Ball 1-0: Ball 2-0: Called Strike 2-1: Fly out, F7 (Flyball, 7S)
|
Top of the 8th over - 0 runs, 0 hits, 0 errors, 0 left on base; Manhatten 0 - Grim 4 |
BOTTOM OF THE 8TH |
Grim Reapers batting - Pitching for Manhatten Meatheads : LHP Dave Moser
|
Batting: RHB Pedro López
|
0-0: Ball 1-0: Called Strike 1-1: Ball 2-1: Ball 3-1: Foul Ball, location: 2F 3-2: Base on Balls
|
Batting: RHB Phil Martin
|
0-0: Foul Ball, location: 2F 0-1: Ball 1-1: Ball 2-1: Fly out, F8 (Flyball, 89D)
|
Batting: RHB Ramón Sánchez
|
0-0: Ball 1-0: Fly out, F4 (Popup, 4M)
|
Batting: RHB Joel Hebert
|
0-0: Called Strike 0-1: Ball 1-1: Foul Ball, location: 2F 1-2: Ball 2-2: Strikes out swinging
|
Bottom of the 8th over - 0 runs, 0 hits, 0 errors, 1 left on base; Manhatten 0 - Grim 4 |
TOP OF THE 9TH |
Manhatten Meatheads batting - Pitching for Grim Reapers : RHP Harvey Taylor
|
Batting: LHB Wayne Rogers
|
0-0: Foul Ball, location: 2F 0-1: Foul Ball, location: 2F 0-2: Ball 1-2: Strikes out swinging
|
Batting: RHB Ronald Cleveland
|
0-0: Called Strike 0-1: Swinging Strike 0-2: Strikes out looking
|
Batting: RHB César Castillo
|
0-0: Swinging Strike 0-1: Swinging Strike 0-2: Strikes out swinging
|
Top of the 9th over - 0 runs, 0 hits, 0 errors, 0 left on base; Manhatten 0 - Grim 4 |
|